 Dungeon Crawl Stone Soup version 0.17-a0-2030-g9ce824c (webtiles) character file.

7022 Ordine the Fighter (level 11, -8/87 HPs)
             Began as an Octopode Fighter on Oct 11, 2015.
             Was a Believer of Dithmenos.
             Mangled by an unseen horror (10 damage)
             ... on level 9 of the Dungeon.
             The game lasted 00:43:34 (8768 turns).

Ordine the Fighter (Octopode Fighter)               Turns: 8768, Time: 00:43:34

Health: -8/87      AC:  2    Str: 16    XL:     11   Next: 8%
Magic:  11/11      EV: 11    Int: 12    God:    Dithmenos [**....]
Gold:   411        SH:  9    Dex: 15    Spells: 0 memorised, 10 levels left

rFire  . . .     SeeInvis .     a - +1 long sword
rCold  . . .     Clarity  +     b - +0 shield
rNeg   . . .     SustAt   .     (helmet restricted)
rPois  +         Gourm    .     s - amulet of regeneration
rElec  .         Spirit   .     (no ring)
rCorr  .         Warding  .     (no ring)
rMut   .         Stasis   .     (no ring)
MR     .....                    (no ring)
Stlth  +++.......               (no ring)
                                (no ring)
                                (no ring)
                                (no ring)

@: wreathed by umbra, not resistant to hostile enchantments, fairly stealthy
A: almost no armour, amphibious, 8 rings, constrict 8, rugged brown scales 1,
camouflage 1, clarity, clever 1, poison resistance, regeneration 1, wild magic
2, gelatinous body 1
a: Shadow Step, Renounce Religion


You were on level 9 of the Dungeon.
You worshipped Dithmenos.
Dithmenos was pleased with you.
You were not hungry.

You visited 2 branches of the dungeon, and saw 10 of its levels.

You collected 553 gold pieces.
You spent 142 gold pieces at shops.

Inventory:

Hand Weapons
 a - a +1 long sword (weapon)
 A - a +2 dagger of venom
Missiles
 h - 149 stones (quivered)
 j - 4 javelins
 p - 9 tomahawks
 w - a throwing net
 y - 24 poisoned needles
Armour
 b - a +0 shield (worn)
Magical Staves
 t - an uncursed staff of death
Jewellery
 m - an uncursed amulet of clarity
 s - an amulet of regeneration (around mantle)
Wands
 g - a wand of disintegration (2)
 v - a wand of cold (6)
 C - a wand of digging (21)
Scrolls
 l - a scroll of teleportation
 o - 3 scrolls of fear
 x - 2 scrolls of enchant weapon
Potions
 c - 2 potions of might
 e - a potion of agility
 f - a potion of berserk rage
 q - a potion of ambrosia {unknown}
 r - 2 potions of curing
 z - a potion of cancellation
 B - 3 potions of cure mutation
Comestibles
 d - 2 bread rations
 i - 2 slices of pizza
 k - 3 meat rations
 n - a chunk of flesh
 u - a beef jerky


   Skills:
 + Level 12.0 Fighting
 + Level 11.7 Long Blades
 - Level 3.0 Dodging
 - Level 3.0 Shields


You had 10 spell levels left.
You didn't know any spells.

Dungeon Overview and Level Annotations

Branches:
Dungeon (9/15)             Temple (1/1) D:4            Lair (0/8) D:9
    Orc: D:9-12

Altars:
Ashenzari
Cheibriados
Dithmenos
Elyvilon
Fedhas
Gozag
Kikubaaqudgha
Makhleb
Nemelex Xobeh
Okawaru
Qazlal
Ru
Sif Muna
Trog
Vehumet
Xom
Yredelemnul
Zin
The Shining One

Shops:
D:4 !   D:6 (


Innate Abilities, Weirdness & Mutations

You cannot wear most types of armour.
You are amphibious.
You can wear up to eight rings at the same time.
You can use your tentacles to constrict eight enemies at once.
Your skin changes colour to match your surroundings (Stealth).
Your rubbery body absorbs attacks (AC +1).
You are partially covered in rugged brown scales (AC +1, +3% HP).
You possess an exceptional clarity of mind.
Your mind is acute. (Int +2)
Your system is resistant to poisons.
Your natural rate of healing is unusually fast.
Your spells are harder to cast, but more powerful.


Message History

You block the hound's attack.
You open the door. Something hits you!
* * * LOW HITPOINT WARNING * * *
The hound barely misses you.
You are too injured to fight recklessly!
Something hits you.
* * * LOW HITPOINT WARNING * * *
You block the hound's attack. The hound bites you but does no damage.
There is an open door here.
Drink which item? (? for menu, Esc to quit)
Okay, then.
Read which item? (? for menu, Esc to quit)
Okay, then.
Drink which item? (? for menu, Esc to quit)
You feel better. Something hits you.
* * * LOW HITPOINT WARNING * * *
The hound bites you.
* * * LOW HITPOINT WARNING * * *
Something hits you!
You die...

# #.#######.####.####.##.## +
+.#........<...+....'...# # #
#.'...##..##+#####..##>.# ##
#.##.#...##..##.#####..##.### ..
+....##..##........#...##.##. #
#+##.##..##..##.##.'.........
#####.##......)).##.##.##..##....
.........##..##h.##.##.##..##....
.####'##.##..###@##.##......'....
.###..##..[..'..)##.####'####....
%.'...#..##..##..)).##.....##...#
$.#...'..##..##..##'##.....##...#
..###.##.....##..##.###+##.##....
#.# #.##.....##..##.##..##.##...#
... '.. .##'###...S.o....+..#####
#+# #.## #.. #..##'##.###..# # .#
.. ##S##.##?###.## #


You could see a hound.

Vanquished Creatures
  Pikel (D:8)
  Maurice (D:8)
  Joseph (D:8)
  A gargoyle (D:8)
  The ghost of Ordine the Skirmisher, a novice OpFi of Dithmenos (D:5)
  A komodo dragon (D:9)
  A two-headed ogre (D:8)
  A slime creature (D:8)
  A hungry ghost (D:8)
  A wyvern (D:8)
  4 yaks (D:6)
  Menkaure (D:5)
  Duvessa (D:7)
  A water moccasin (D:9)
  A sky beast (D:7)
  An eye of draining (D:8)
  A phantom (D:5)
  A wasp (D:9)
  3 ice beasts
  2 black bears
  3 orc warriors
  3 ogres
  4 giant frogs
  Dowan (D:7)
  4 scorpions
  6 killer bees
  3 crimson imps
  2 giant frog zombies
  4 orc wizards
  4 orc priests
  2 giant frog skeletons
  Crazy Yiuf (D:7)
  2 centaur skeletons
  5 hounds
  3 iguanas
  12 jellies
  7 worker ants
  A hound zombie (D:9)
  A hound skeleton (D:7)
  4 adders
  A shadow imp (D:7)
  7 oozes
  4 worms
  6 giant geckos
  18 orcs
  4 ball pythons
  13 bats
  3 giant cockroaches
  8 goblins
  10 hobgoblins
  9 jackals
  A giant gecko skeleton (D:4)
  7 giant newts
  A jackal skeleton (D:4)
  10 kobolds
  5 quokkas
  9 rats
  A plant (D:9)
215 creatures vanquished.

Vanquished Creatures (others)
  3 slaves (D:8)
  A giant frog skeleton (D:8)
  A jelly (D:8)
  A worker ant (D:8)
  6 oozes (D:8)
  7 fungi (D:8)
  A plant (D:9)
20 creatures vanquished.

Grand Total: 235 creatures vanquished

Notes
Turn   | Place    | Note
--------------------------------------------------------------
     0 | D:1      | Ordine the Octopode Fighter began the quest for the Orb.
     0 | D:1      | Reached XP level 1. HP: 16/16 MP: 1/1
   117 | D:1      | Gained mutation: One of your tentacles bears a spike. [potion of mutation]
   117 | D:1      | Gained mutation: You are resistant to hostile enchantments. [potion of mutation]
   117 | D:1      | Gained mutation: You are partially covered in rugged brown scales (AC +1, +3% HP). [potion of mutation]
   118 | D:1      | Gained mutation: You tend to lose your temper in combat. [potion of mutation]
   118 | D:1      | Gained mutation: You are dopey. (Int -2) [potion of mutation]
   145 | D:1      | Reached XP level 2. HP: 21/21 MP: 2/2
   653 | D:1      | Reached XP level 3. HP: 26/26 MP: 3/3
  1335 | D:2      | Reached XP level 4. HP: 33/33 MP: 4/4
  1356 | D:2      | Reached skill level 4 in Fighting
  1816 | D:3      | Reached XP level 5. HP: 28/39 MP: 5/5
  2077 | D:3      | Found a stormy altar of Qazlal.
  2178 | D:3      | Lost mutation: One of your tentacles bears a spike. [potion of cure mutation]
  2178 | D:3      | Lost mutation: You tend to lose your temper in combat. [potion of cure mutation]
  2178 | D:3      | Lost mutation: You are resistant to hostile enchantments. [potion of cure mutation]
  2178 | D:3      | Lost mutation: You are dopey. (Int -2) [potion of cure mutation]
  2179 | D:3      | Gained mutation: Your spells are a little harder to cast, but a little more powerful. [potion of beneficial mutation]
  2573 | D:4      | Found a staircase to the Ecumenical Temple.
  2575 | D:4      | Reached skill level 5 in Fighting
  2575 | D:4      | Reached XP level 6. HP: 36/46 MP: 6/6
  2581 | Temple   | Entered the Ecumenical Temple
  2589 | Temple   | Became a worshipper of Dithmenos the Shadowed
  3112 | D:4      | Found a glowing golden altar of the Shining One.
  3167 | D:4      | Found Wuoc's Distillery.
  3170 | D:4      | Bought 2 potions of curing for 78 gold pieces
  3170 | D:4      | Bought a potion of mutation for 32 gold pieces
  3170 | D:4      | Bought a potion of mutation for 32 gold pieces
  3170 | D:4      | Gained mutation: You possess an exceptional clarity of mind. [potion of mutation]
  3170 | D:4      | Gained mutation: Your spells are harder to cast, but more powerful. [potion of mutation]
  3170 | D:4      | Gained mutation: Your natural rate of healing is unusually fast. [potion of mutation]
  3171 | D:4      | Gained mutation: Your mind is acute. (Int +2) [potion of mutation]
  3171 | D:4      | Gained mutation: Your system is resistant to poisons. [potion of mutation]
  3343 | D:5      | Entered Level 5 of the Dungeon
  3605 | D:5      | Noticed Menkaure
  3610 | D:5      | Killed Menkaure
  3610 | D:5      | Reached skill level 5 in Long Blades
  3674 | D:5      | Reached XP level 7. HP: 52/52 MP: 7/7
  3692 | D:5      | Reached skill level 6 in Fighting
  4032 | D:5      | Noticed Ordine's ghost (novice OpFi)
  4043 | D:5      | Killed Ordine's ghost
  4043 | D:5      | Reached skill level 7 in Fighting
  4043 | D:5      | Reached XP level 8. HP: 59/61 MP: 8/8
  4646 | D:6      | Reached skill level 8 in Fighting
  4729 | D:6      | Reached XP level 9. HP: 29/69 MP: 9/9
  4961 | D:6      | Found Yned's Antique Weapon Shop.
  5040 | D:6      | Reached skill level 9 in Fighting
  5923 | D:7      | Noticed Duvessa
  5929 | D:7      | Noticed Dowan
  5941 | D:7      | Killed Duvessa
  5946 | D:7      | Killed Dowan
  6198 | D:7      | Noticed Crazy Yiuf
  6204 | D:7      | Killed Crazy Yiuf
  6330 | D:7      | Found a glowing silver altar of Zin.
  6331 | D:7      | Found a burning altar of Makhleb.
  6332 | D:7      | Noticed an angel
  6333 | D:7      | Noticed a balrug
  6547 | D:8      | Noticed Joseph
  6554 | D:8      | Killed Joseph
  6554 | D:8      | Reached skill level 10 in Fighting
  6566 | D:8      | Noticed Pikel
  6634 | D:8      | Killed Pikel
  6634 | D:8      | Reached skill level 10 in Long Blades
  6634 | D:8      | Reached XP level 10. HP: 14/79 MP: 10/10
  7031 | D:8      | Acquired Dithmenos's first power
  7114 | D:8      | Noticed Maurice
  7127 | D:8      | Killed Maurice
  7127 | D:8      | Reached skill level 11 in Fighting
  7645 | D:8      | Noticed a gargoyle
  7852 | D:8      | Killed a gargoyle
  8303 | D:9      | Noticed a five-headed hydra
  8349 | D:9      | Reached XP level 11. HP: 53/87 MP: 11/11
  8452 | D:9      | Found a staircase to the Lair.
  8611 | D:9      | HP: 4/87 [orc (1)]
  8717 | D:9      | Reached skill level 12 in Fighting
  8768 | D:9      | HP: 2/87 [hound (4)]
  8768 | D:9      | Mangled by an unseen horror

Vault maps used:
D:1:      tarquinn_simple_flora_water_b
D:2:      grunt_ministairs_1, st_stairs_11
D:3:      nicolae_qazlal_general_emergency
D:4:      tso_altar, minmay_temple_entry_glass, first_bread, serial_shops, shop
D:5:      uniq_menkaure
D:6:      serial_shops, shop
D:7:      grunt_temple_overflow_order_and_chaos_2, uniq_crazy_yiuf_cottage,
          uniq_duvessa
D:8:      lemuel_slime, uniq_joseph, uniq_pikel, uniq_maurice
D:9:      david_lair_shrubbed, hangedman_fish_farm, kennysheep_kite_vault
Temple:   nicolae_temple_no_exploring_needed

Action                   |  1- 3 |  4- 6 |  7- 9 | 10-12 || total
-------------------------+-------+-------+-------+-------++-------
Melee: Long sword        |    73 |    98 |   174 |   217 ||   562
       Dagger            |       |       |       |     2 ||     2
Throw: Stone             |       |     2 |    12 |    15 ||    29
       Javelin           |       |       |    19 |     4 ||    23
       Throwing net      |       |       |       |     3 ||     3
Evoke: Wand              |       |     2 |     7 |     7 ||    16
  Use: Scroll            |     7 |    10 |     5 |     2 ||    24
       Potion            |     2 |     4 |     2 |     5 ||    13
 Stab: Sleeping          |     8 |     3 |    11 |     4 ||    26
       Paralysed         |       |     5 |    13 |     5 ||    23
       Distracted        |       |       |       |     1 ||     1
       Held in net/web   |       |       |       |     1 ||     1
  Eat: Chunk             |     3 |     8 |    10 |     9 ||    30
       Bread ration      |       |       |       |     1 ||     1
       Beef jerky        |       |       |       |     1 ||     1
